 Dungeon Crawl Stone Soup version 0.14-a0-2618-g5301534 (webtiles) character file.

212 Psiweapon the Vexing (level 4, 0/30 HPs)
             Began as a Vampire Enchanter on Feb 14, 2014.
             Slain by Edmund
             ... wielding a +0,+2 flail of protection
              (4 damage)
             ... on Level 6 of the Dungeon.
             The game lasted 00:13:48 (3341 turns).

Psiweapon the Vexing (Vampire Enchanter)            Turns: 3341, Time: 00:13:48

HP   0/30        AC  4     Str  8      XL: 4   Next: 78%
MP   3/7         EV 12     Int 17      God:
Gold 90          SH  0     Dex 14      Spells:  2 memorised,  4 levels left

rFire  . . .     SeeInvis +     s - +0,+1 dwarf short sword
rCold  + + .     Clarity  .     b - +1 robe
rNeg   + + +     Conserve .     (no shield)
rPois  +         rCorr    .     (no helmet)
rElec  .         rRot     +     (no cloak)
SustAb . .       Spirit   .     k - +0 pair of gloves
rMut   .         Warding  .     (no boots)
Saprov . . .     Stasis   .     (no amulet)
MR     .....                    (no ring)
                                (no ring)

@: regenerating slowly, not resistant to hostile enchantments, quite stealthy
A: fangs 3, see invisible, unbreathing
a: Bat Form


You were on level 6 of the Dungeon.
You were near bloodless.

You visited 1 branch of the dungeon, and saw 6 of its levels.

You collected 90 gold pieces.

Inventory:

Hand weapons
 a - a +1,+1 dagger
 f - a +0,+0 mace
 h - a +0,+0 sling
 s - a +0,+1 dwarven short sword (weapon)
Missiles
 d - 8 darts (quivered)
 t - 27 sling bullets
Armour
 b - a +1 robe (worn)
 k - a +0 pair of gloves (worn)
Scrolls
 e - a scroll of remove curse {unknown}
 l - a scroll of curse jewellery {unknown}
 m - a scroll of amnesia {unknown}
 n - a scroll of enchant armour {unknown}
 r - a scroll of random uselessness {unknown}
Potions
 g - a potion of lignification {unknown}
 i - 2 potions of curing {unknown}
 j - 2 potions of agility {unknown}
Books
 c - a book of Maledictions

   Spells                             Type                      Level
   *Corona                            Hexes                        1
   Sure Blade                         Hexes/Charms                 2
   *Ensorcelled Hibernation           Hexes/Ice                    2
   Confuse                            Hexes                        3
   Enslavement                        Hexes                        4
   Invisibility                       Hexes                        6
Carrion
 o - a giant gecko corpse


   Skills:
 + Level 3.1 Short Blades
 - Level 0.7 Throwing
 - Level 2.1 Dodging
 + Level 5.0 Stealth
 - Level 2.0 Spellcasting
 - Level 5.0 Hexes
 + Level 1.9 Ice Magic


You had 4 spell levels left.
You knew the following spells:

 Your Spells              Type           Power        Failure   Level  Hunger
a - Corona                Hex            ###....      2%          1    #......
b - Ensorcelled Hibernat  Hex/Ice        ##....       10%         2    ###....


Dungeon Overview and Level Annotations

Branches:
Dungeon (6/16)
 Temple: D:4-7

Altars:

Annotations:
D:5 Pikel
D:6 Edmund, Ijyb


Innate Abilities, Weirdness & Mutations

You heal slowly.
You have razor-sharp teeth.*
You have supernaturally acute eyesight.
You can survive without breathing.*


Message History

Edmund closely misses you.
Your magical contamination has completely faded away.
You hit Edmund.
Edmund is severely wounded.
You hit Edmund but do no damage.
Edmund is severely wounded.
Edmund misses you.
You closely miss Edmund. You bite Edmund, but do no damage.
Edmund is severely wounded.
Edmund hits you with a glowing flail.
* * * LOW HITPOINT WARNING * * *
Ijyb screams, "You nasty!
Big nasty!"
You closely miss Edmund.
Edmund is severely wounded.
Edmund hits you with a glowing flail.
* * * LOW HITPOINT WARNING * * *
You hit Edmund but do no damage.
Edmund is severely wounded.
Edmund hits you with a glowing flail.
You die...

#.................
#..........#####
##########.# ######
#.# ....... #.#
...(... #%# .5.....
#.#
........####.#######
........g@@..........
.g...>..####.#######
....... #.# .......
... ....... #.##
##..## #.# #.. #.# ..
#.# .


You could see Edmund and Ijyb.

Vanquished Creatures
  2 adders
  3 giant mites
  4 worms
  An ooze (D:3)
  2 giant cockroaches
  3 goblins
  10 hobgoblins
  7 bats
  A giant gecko (D:5)
  4 giant newts
  A hobgoblin zombie (D:6)
  11 kobolds
  An orc skeleton (D:4)
  4 quokkas
  8 rats
62 creatures vanquished.

Notes
Turn   | Place    | Note
--------------------------------------------------------------
     0 | D:1      | Psiweapon, the Vampire Enchanter, began the quest for the Orb.
     0 | D:1      | Reached XP level 1. HP: 13/13 MP: 3/3
   306 | D:1      | Reached XP level 2. HP: 14/19 MP: 4/4
   314 | D:1      | Learned a level 2 spell: Ensorcelled Hibernation
   720 | D:2      | Reached skill level 5 in Hexes
   976 | D:2      | Reached XP level 3. HP: 24/24 MP: 3/6
  1224 | D:2      | Reached skill level 1 in Ice Magic
  2215 | D:3      | Reached XP level 4. HP: 30/30 MP: 3/7
  3149 | D:5      | Entered Level 5 of the Dungeon
  3165 | D:5      | Reached skill level 5 in Stealth
  3236 | D:5      | Noticed a slave
  3238 | D:5      | Noticed a slave
  3238 | D:5      | Noticed Pikel
  3240 | D:5      | Noticed a slave
  3241 | D:5      | Noticed a slave
  3295 | D:6      | Noticed Ijyb
  3296 | D:6      | Noticed Edmund
  3341 | D:6      | Slain by Edmund

Action                   |  1- 3 |  4- 6 || total
-------------------------+-------+-------++-------
Melee: Dagger            |    83 |    61 ||   144
       Short sword       |       |    12 ||    12
Throw: Dart              |    13 |     2 ||    15
 Cast: Corona            |     9 |     2 ||    11
       Ensorcelled Hiber |    27 |    17 ||    44
 Abil: End Transformatio |       |     1 ||     1
       Bat Form          |       |     1 ||     1
  Use: Potion            |       |     3 ||     3
       Scroll            |       |     1 ||     1
 Stab: Sleeping          |    27 |    16 ||    43
       Distracted        |     1 |       ||     1
